 Dungeon Crawl Stone Soup version 0.20-a0-1073-g49e0d3e (webtiles) character file.

1654 Murumi the Covert (level 8, -20/58 HPs)
             Began as a Vampire Enchanter on Apr 29, 2017.
             Was a Believer of Dithmenos.
             Demolished by a two-headed ogre
             ... wielding a +0 giant club
              (29 damage)
             ... on level 6 of the Dungeon.
             The game lasted 00:26:34 (6312 turns).

Murumi the Covert (Vampire Enchanter)               Turns: 6312, Time: 00:26:35

Health: -20/58     AC:  5    Str:  7    XL:     8   Next: 68%
Magic:  0/13       EV: 14    Int: 17    God:    Dithmenos [**....]
Gold:   295        SH:  0    Dex: 17    Spells: 4/13 levels left

rFire    . . .     SeeInvis +   a - +1 dagger
rCold    . . .     Gourm    .   (no shield)
rNeg     + . .     Faith    .   b - +0 robe
rPois    .         Spirit   .   (no helmet)
rElec    .         Reflect  .   q - +1 cloak
rCorr    .         Harm     .   h - +0 pair of gloves
MR       .....                  (no boots)
Stlth    ++++++++..             p - amulet of rage
Regen    0.2/turn               o - ring of stealth
MPRegen  0.2/turn               (no ring)

@: wreathed by umbra
A: fangs 3, see invisible, unbreathing
a: Bat Form, Shadow Step, Renounce Religion, Evoke Berserk Rage


You were on level 6 of the Dungeon.
You worshipped Dithmenos.
Dithmenos was pleased with you.
You were not thirsty.

You visited 1 branch of the dungeon, and saw 6 of its levels.

You collected 295 gold pieces.

Inventory:

Hand Weapons
 a - a +1 dagger (weapon)
Armour
 b - a +0 robe (worn)
 h - a +0 pair of gloves (worn)
 q - a +1 cloak (worn)
Jewellery
 o - a ring of stealth (left hand)
 p - an amulet of rage (around neck)
Wands
 v - a wand of confusion (18/48)
Scrolls
 g - 2 scrolls of immolation {unknown}
 i - 3 scrolls of random uselessness {unknown}
 j - 3 scrolls of remove curse
 k - 4 scrolls of teleportation {unknown}
 m - 2 scrolls of fog {unknown}
 r - a scroll of amnesia {unknown}
 u - 4 scrolls of blinking {unknown}
 w - a scroll of magic mapping {unknown}
 x - a scroll of fear {unknown}
 y - a scroll of identify
 A - a scroll of recharging {unknown}
Potions
 d - 14 potions of blood
 e - 3 potions of lignification
 f - 6 potions of curing
 l - 2 potions of resistance
 n - a potion of flight
 t - a potion of berserk rage
Books
 c - a book of Maledictions

   Spells                             Type                      Level
   a - Corona                         Hexes                        1
   b - Ensorcelled Hibernation        Hexes/Ice                    2
   c - Confuse                        Hexes                        3
   d - Tukima's Dance                 Hexes                        3
   e - Dazzling Spray                 Conjuration/Hexes            3
 s - a book of Callings

   Spells                             Type                      Level
   a - Summon Small Mammal            Summoning                    1
   b - Call Imp                       Summoning                    2
   c - Call Canine Familiar           Summoning                    3
   d - Summon Guardian Golem          Hexes/Summoning              3
   e - Summon Lightning Spire         Summoning/Air                4
   f - Summon Ice Beast               Ice/Summoning                4
 B - a book of Necromancy

   Spells                             Type                      Level
   a - Pain                           Necromancy                   1
   b - Animate Skeleton               Necromancy                   1
   c - Vampiric Draining              Necromancy                   3
   d - Regeneration                   Charms/Necromancy            3
   e - Animate Dead                   Necromancy                   4
   f - Control Undead                 Necromancy                   4


   Skills:
 - Level 3.1 Fighting
 - Level 4.0 Short Blades
 - Level 4.1 Dodging
 + Level 12.2 Stealth
 - Level 3.3 Spellcasting
 - Level 7.3 Hexes


You had 4 spell levels left.
You knew the following spells:

 Your Spells              Type           Power        Failure   Level  Hunger
a - Corona                Hex            ####...      1%          1    None
b - Ensorcelled Hibernat  Hex/Ice        ###...       5%          2    ##.....
c - Confuse               Hex            ####....     2%          3    ###....
d - Tukima's Dance        Hex            ####....     2%          3    ###....


Dungeon Overview and Level Annotations

Branches:
Dungeon (6/15)
 Temple: D:4-7

Altars:
Dithmenos
Fedhas
Trog
Vehumet
Wu Jian
Zin

Shops:
D:6 }


Innate Abilities, Weirdness & Mutations

You have razor-sharp teeth.
You have supernaturally acute eyesight. (SInv)
You can survive without breathing.


Message History

Your giant club hits the two-headed ogre!!
The two-headed ogre completely misses you.
The two-headed ogre closely misses you.
You hit the two-headed ogre but do no damage.
The two-headed ogre is almost dead.
You closely miss the two-headed ogre. You bite the two-headed ogre.
The two-headed ogre is almost dead.
Your giant club hits the two-headed ogre but does no damage.
The two-headed ogre closely misses you.
The two-headed ogre hits you with a giant club!
* * * LOW HITPOINT WARNING * * *
Casting: Tukima's Dance
Confirm with . or Enter, or press ? or * to list all spells.
Aiming: Ensorcelled Hibernation
Press: ? - help, Shift-Dir - straight line, f/p - two-headed ogre
Aim: a two-headed ogre, wielding a giant club (almost dead, umbra, chance to defeat MR: 28%)
The two-headed ogre easily resists.
The two-headed ogre hits you with a giant club!!
Ouch! That really hurt!
You die...

#.# #.#
#.# #.#
#.# #.#
#.# #.#
#.# #.#
#.# #.#
#.# #.#
#.# #.###
#@#######
#...#
#O...)...
###∩#
#.(...##.
#.#
#.###.#
#.. #%# #
#.# #.#
#.# #.#
#.# #.#
#.. #.#
#.#


You could see a two-headed ogre and a friendly giant club.

Vanquished Creatures
  Sigmund (D:6)
  Edmund (D:6)
  A necrophage (D:6)
  A sky beast (D:6)
  An ogre (D:4)
  A centaur (D:6)
  A gnoll sergeant (D:6)
  A howler monkey (D:4)
  2 bullfrog zombies
  2 crimson imps
  Crazy Yiuf (D:4)
  2 hounds (D:6)
  2 orc priests (D:6)
  A centaur skeleton (D:6)
  3 iguanas
  A jelly (D:6)
  3 orc wizards
  Natasha (thrice) (D:3)
  4 worker ants
  A hound skeleton (D:5)
  5 gnolls (D:6)
  5 adders
  A shadow imp (D:6)
  An adder skeleton (D:6)
  3 worms
  2 leopard geckos (D:1)
  15 orcs
  5 giant cockroaches
  7 goblins
  8 hobgoblins
  3 jackals (D:6)
  2 quokkas (D:3)
  2 bats
  6 frilled lizards
  9 kobolds
  7 rats
  A fungus (D:4)
115 creatures vanquished.

Vanquished Creatures (collateral kills)
  An ogre (D:5)
1 creature vanquished.

Vanquished Creatures (others)
  A dancing weapon (D:6)
  2 orc priests (D:3)
  2 orcs (D:3)
  A rat (D:3)
6 creatures vanquished.

Grand Total: 122 creatures vanquished

Notes
Turn   | Place    | Note
-------+----------+-------------------------------------------
     0 | D:1      | Murumi the Vampire Enchanter began the quest for the Orb.
     0 | D:1      | Reached XP level 1. HP: 13/13 MP: 3/3
   100 | D:1      | Reached skill level 5 in Stealth
   398 | D:1      | Reached XP level 2. HP: 6/20 MP: 3/5
   402 | D:1      | Learned a level 2 spell: Ensorcelled Hibernation
   631 | D:1      | Reached skill level 1 in Fighting
  1623 | D:2      | Reached skill level 6 in Stealth
  1623 | D:2      | Reached XP level 3. HP: 25/26 MP: 1/6
  1628 | D:2      | Learned a level 3 spell: Confuse
  1842 | D:2      | Found a bloodstained altar of Trog.
  1885 | D:2      | Found a glowing silver altar of Zin.
  1928 | D:2      | Found a shadowy altar of Dithmenos.
  1938 | D:2      | Became a worshipper of Dithmenos the Shadowed
  1952 | D:2      | Reached skill level 7 in Stealth
  2430 | D:3      | Reached XP level 4. HP: 32/32 MP: 7/7
  2491 | D:3      | Noticed Natasha
  2509 | D:3      | Killed Natasha
  2592 | D:3      | Found a radiant altar of Vehumet.
  2610 | D:3      | Noticed Natasha
  2624 | D:3      | Killed Natasha
  2624 | D:3      | Reached XP level 5. HP: 34/37 MP: 1/8
  2812 | D:3      | Noticed Natasha
  2819 | D:3      | Killed Natasha
  3658 | D:4      | Reached skill level 8 in Stealth
  3749 | D:4      | Reached XP level 6. HP: 43/43 MP: 9/9
  3808 | D:4      | Learned a level 3 spell: Tukima's Dance
  3860 | D:4      | Reached skill level 9 in Stealth
  3891 | D:4      | Reached * piety under Dithmenos
  4523 | D:4      | Found a runed door.
  4527 | D:4      | Noticed Crazy Yiuf
  4531 | D:4      | Killed Crazy Yiuf
  4531 | D:4      | Reached skill level 10 in Stealth
  4576 | D:5      | Entered Level 5 of the Dungeon
  4804 | D:5      | Reached XP level 7. HP: 47/50 MP: 4/10
  5103 | D:5      | Reached skill level 5 in Hexes
  5245 | D:5      | Found an ornate altar of the Wu Jian Council.
  5557 | D:6      | Reached skill level 11 in Stealth
  5668 | D:6      | Noticed Edmund
  5673 | D:6      | Killed Edmund
  5673 | D:6      | Reached skill level 12 in Stealth
  5673 | D:6      | Reached XP level 8. HP: 56/56 MP: 11/11
  5750 | D:6      | Found a blossoming altar of Fedhas.
  5751 | D:6      | Got a crude bronze ring
  5752 | D:6      | Identified the ring "Nubrobb" {+Blink rPois MR+ Int-2 Stlth-} (You found it on level 6 of the Dungeon)
  5878 | D:6      | Reached ** piety under Dithmenos
  6011 | D:6      | Found Tuelyext's Gadget Boutique.
  6041 | D:6      | Noticed Sigmund
  6047 | D:6      | Killed Sigmund
  6296 | D:6      | Noticed a two-headed ogre
  6312 | D:6      | Demolished by a two-headed ogre

Vault maps used:
D:1:      lightli_arrival_quake
D:2:      lightli_temple_of_fire, chequers_temple_overflow_statue_of_worship
D:3:      fiery_altar_vehumet, uniq_natasha
D:4:      uniq_crazy_yiuf_cottage
D:5:      kennysheep_little_box, first_bread, minmay_misc_feat_secret_circle,
          serial_park_tiny_pond
D:6:      serial_shops, shop, basic_altar, uniq_edmund, uniq_sigmund

Skill      XL: |  1  2  3  4  5  6  7  8 |
---------------+-------------------------+-----
Stealth        | 5 6 7 8 10 12 | 12.2
Fighting       | 1 2 3 |  3.1
Short Blades   | 3 4 |  4.0
Hexes          | 5 7 |  7.3
Dodging        | 4 |  4.1
Spellcasting   | 3 |  3.3

Action                   |  1- 3 |  4- 6 |  7- 9 || total
-------------------------+-------+-------+-------++-------
Melee: Dagger            |    65 |    82 |    99 ||   246
       Bite              |     1 |     7 |     6 ||    14
 Cast: Corona            |     6 |       |       ||     6
       Ensorcelled Hiber |    17 |    25 |    23 ||    65
       Tukima's Dance    |       |     3 |     7 ||    10
       Confuse           |       |     2 |     3 ||     5
  Use: Scroll            |     5 |     3 |     2 ||    10
       Potion            |       |       |    15 ||    15
 Stab: Sleeping          |    31 |    28 |    26 ||    85
       Distracted        |     2 |     3 |     1 ||     6
       Confused          |       |     2 |     3 ||     5
       Invisible         |       |       |     6 ||     6
Armor: Robe              |     4 |     8 |     8 ||    20
Dodge: Dodged            |    23 |    36 |    60 ||   119
